 Dungeon Crawl Stone Soup version 0.30.0-5-g1a98f26d00 (webtiles) character file.

Game seed: 15021245628584971048

34 fozzywoppz the Trooper (level 3, -8/29 HPs)
             Began as a Demonspawn Monk on May 10, 2023.
             Killed by divine providence
             ... invoked by an orc priest
              (16 damage)
             ... on level 3 of the Dungeon.
             The game lasted 00:02:05 (2162 turns).

fozzywoppz the Trooper (Demonspawn Monk)            Turns: 2162, Time: 00:02:08

Health: -8/29      AC:  2    Str: 11    XL:     3   Next: 14%
Magic:  12/12      EV: 18    Int: 11    God:
Gold:   85         SH:  0    Dex: 17    Spells: 2/2 levels left

rFire   . .          .
                       - Unarmed
rCold   . . .        c - orb {light}
rNeg    . . .        a - +0 robe
rPois   .            (no helmet)
rElec   .            (no cloak)
rCorr   .            (no gloves)
SInv    .            (no boots)
Will    .....        (no amulet)
Stlth   +            o - ring of magical power
HPRegen 0.24/turn    i - +5 ring of evasion
MPRegen 0.13/turn

%: no passive effects
@: glowing
A: powered by death 1, weakness stinger 1
a: no special abilities


You were on level 3 of the Dungeon.
You visited 1 branch of the dungeon, and saw 3 of its levels.

You collected 85 gold pieces.

Inventory:

Armour
 a - a +0 robe (worn)
 c - an orb of light (worn)
Jewellery
 i - a +5 ring of evasion (right hand)
 o - a ring of magical power (left hand)
Wands
 k - a wand of roots (4)
Scrolls
 d - a scroll of enchant armour
 q - a scroll of torment {unknown}
 r - a scroll of noise {unknown}
Potions
 b - a potion of ambrosia
 f - a potion of mutation {unknown}
 g - 2 potions of flight {unknown}
 h - 2 potions of brilliance {unknown}
 n - 2 potions of might {unknown}


   Skills:
 + Level 3.4 Fighting
 + Level 3.1 Dodging
 + Level 3.1 Unarmed Combat


You had 2 spell levels left.
You didn't know any spells.
Your spell library contained the following spells:

 Spells                   Type           Power      Damage    Failure   Level
 Hailstorm                Conj/Ice       0%         3d3       71%         3
 Portal Projectile        Hex/Tloc       0%         N/A       71%         3
 Tukima's Dance           Hex            0%         N/A       71%         3
 Ice Form                 Ice/Tmut       0%         N/A       98%         4
 Blade Hands              Tmut           0%         N/A       100%        5
 Simulacrum               Ice/Necr       0%         N/A       100%        6


Dungeon Overview and Level Annotations

Branches:
Dungeon (3/15)

Altars:


Innate Abilities, Weirdness & Mutations

You regenerate a little health from kills.
You have a small tail.


Message History

Found a stone staircase leading down.
An orc and an orc priest come into view.
The orc priest shouts!
You hear a shout! 2 gnolls come into view.
The gnoll shouts! x2; You hear a shout! x2
An orc priest comes into view. It is wielding a +0 flail.
An orc comes into view. It is wielding a +0 dagger.
The orc priest moves out of view.
You hit the orc. You tail-slap the orc.
You kill the orc!
The orc priest calls down the wrath of Beogh upon you.
Pain shoots through your body!
Unknown command.
As you read the scroll labelled METOLOKKAL, it crumbles to dust.
It is a scroll of identify.
d - a scroll of enchant armour The orc priest mumbles some strange prayers to Beogh against you.
Pain shoots through your body!
As you read the scroll labelled TUOPRIL IZOHU, it crumbles to dust.
It is a scroll of amnesia.
You feel forgetful for a moment.
The orc priest mumbles some strange prayers to Beogh against you.
Beogh smites you!
* * * LOW HITPOINT WARNING * * *
The orc priest closely misses you.
As you read the scroll labelled MINLOSS EDOIL, it crumbles to dust.
The creatures around you are filled with an inner flame!
It was a scroll of immolation.
The orc priest closely misses you.
A giant cockroach comes into view.
As you read the scroll labelled XASEVOUSTIL, it crumbles to dust.
It is a scroll of enchant weapon.
You aren't carrying any weapons that can be enchanted.
The orc priest closely misses you.
As you read the scroll labelled SETYXA XONTASU, it crumbles to dust.
You feel aware of your surroundings.
You sensed 2 altars.
It was a scroll of magic mapping.
The gnoll barely misses you.
The orc priest mumbles some strange prayers to Beogh against you.
Beogh smites you!
Ouch! That really hurt!
You die...

*,*******,**...#####..........
*,,,,,,,,,,,......##......####
*,,******,**#.#*#.##......#
*,,* *,* #.# #..'......#
*,,***##*,* #.# #..'......#
*,,,,,.g..###.###.##......#
**,**,.g>...g......#......####
*,,*,*######g##..##....[.....
**,*,* #@##..###.........
*,*,* **#o##..# ##........
*,*,*****,.oo...# ##.......
*,*,**,,,.......#***##......
*,*,**,*#B####...,,>,##.....
*,*,,,,,..,,,..##,,***####''
*,****,##.*****#*,,* #.. *,*
*,*#,,,* **** ### *,* *,**,***
#


You could see 2 orc priests, 2 gnolls, an orc (inner flame) and a giant
cockroach.

Vanquished Creatures
  An orc (D:3)
  2 endoplasms
  3 giant cockroaches
  A goblin (D:1)
  4 hobgoblins
  2 quokkas
  7 ball pythons
  3 bats
  A frilled lizard (D:1)
  4 kobolds
  3 rats
31 creatures vanquished.

Notes
Turn   | Place    | Note
-------+----------+-------------------------------------------
     0 | D:1      | fozzywoppz the Demonspawn Monk began the quest for the Orb.
     0 | D:1      | Reached XP level 1. HP: 18/18 MP: 1/1
   323 | D:1      | Gained mutation: You have a small tail. [demonic ancestry]
   323 | D:1      | Reached XP level 2. HP: 18/24 MP: 2/2
  1993 | D:3      | Gained mutation: You regenerate a little health from kills.
                  | [demonic ancestry]
  1993 | D:3      | Reached XP level 3. HP: 29/29 MP: 3/3
  2162 | D:3      | Killed from afar by an orc priest

Illustrated notes

Levels and vault maps discovered:
D:1:      dpeg_arrival_lava_temple_mockup, layout_loops_corners
D:2:      layout_basic
D:3:      layout_loops_ring, chequers_temple_overflow_statue_of_worship,
          kennysheep_big_empty_room, uniq_crazy_yiuf_cottage

Skill      XL: |  1  2 |
---------------+-------+-----
Unarmed Combat | 3 |  3.1
Dodging        | 3 |  3.1
Fighting       | |  3.4

Action                     || total
---------------------------++-------
  Melee: Unarmed           ||    90
         Tailslap          ||    10
    Use: Scroll            ||     5
   Stab: Distracted        ||     1
 Armour: Robe              ||    16
  Dodge: Dodged            ||    58
